Workbook

Sheet 様式2-1提案書
A1: （様式２ー１） | E1: ver.1.0
A3: 令和７年度補正グローバルサウス未来志向型共創等事業費補助金 （小規模実証・ＦＳ事業：二次公募）提案書（案件情報） | F3: =+IF(F4<>"","様式2-1提案書シートに未入力項目があります。",IF(事業類似性チェック!D3<>"","事業類似性チェックシートに未チェック項目があります。","")) -> 様式2-1提案書シートに未入力項目があります。
A4: ※備考欄（F列）記載の注意点を参考に各項目（D、E列）の入力をお願いします。 | F4: {=IF(OR(D7="",D16="",D18="",D21="",D24="",D26="",AND(OR(D26=1,D29=TRUE),D32=""),AND(OR(D26=2,D30=TRUE),D35=""),AND(OR(D26=3,D31=TRUE),D38=""),AND(OR(D26=3,D31=TRUE),D41=""),AND(OR(D26=3,D31=TRUE),COUNTIF(D41,"鉱物")>0,D42=""),AND(OR(D26=3,D31=TRUE),COUNTIF(D41,"鉱物")>0,D43=""),AND(D46:D63<>TRUE),AND(D63=TRUE,D64=""),$D$66="",AND(OR($D$66=1,$D$69=TRUE),D72=""),AND(OR($D$66=2,$D$70=TRUE),D75=""),AND(OR($D$66=3,$D$71=TRUE),D78=""),D99="",AND(D8<>"",D100=""),AND(D8<>"",D101=""),AND(D9<>"",D102=""),AND(D10<>"",D103=""),AND(D11<>"",D104=""),AND(D12<>"",D105=""),AND(D13<>"",D106=""),AND(D14<>"",D107=""),D109="" ),"入力必須項目に空欄があります。黄色セルを確認し、入力してください。","")} -> 入力必須項目に空欄があります。黄色セルを確認し、入力してください。
A5: ※提案書とは別に、提案内容についての補足資料（写真やスキーム図等）を必要に応じて作成して下さい。（補足資料は原則A4サイズとしてください）。 ※【入力時の注意】セルが黄色の箇所は必須入力項目です。入力が完了するとセル色が白色に変わります。黄色のセルが残らないようすべてご記入ください。 | F5: 備考 入力時の注意点など
A6: 1 | B6: 法人名
A7: 幹事法人 | F7: 共同申請の場合、他の構成員となる企業・団体名も記入してください。
A8: 共同申請者1 | F8: 様式2別添2積算内訳書と申請者名を合わせて記入してください。
A9: 共同申請者2
A10: 共同申請者3
A11: 共同申請者4
A12: 共同申請者5
A13: 未設立法人（仮称を記載してください。）
A14: 未設立法人2（仮称を記載してください。）
A15: 2 | B15: 事業名称
A16: 事業名称（事業内容を簡潔に示す名称を記載してください。） | F16: ○○○国は、3.事業対象国の記載に揃えてください。 ○○○国の後に、全角で／を入れてください。 個別の商品名、商標名、ブランド名等は避けてください。 ＦＳ事業の場合は語尾を「調査事業」、実証事業の場合は語尾を「実証事業」としてください。 記載例： ○○○国／□□□調査事業 or □□□実証事業
A17: 3 | B17: 事業対象国
A18: 事業対象国 （事業実施期間中に実際にＦＳ調査又は実証事業を実施する国名を記載してください。） | F18: 将来的な展開を想定している国名は記載しないこと。 国名の表記は外務省の以下サイトの記載と一致させること。 調査対象となるビジネスモデルに一体性があれば、複数国を対象とした調査も可能です。 外務省のサイト：
F19: https://www.mofa.go.jp/mofaj/area/index.html
A20: 4 | B20: 事業形態
A21: 事業形態（該当する事業形態を選択してください。） | E21: ＦＳ事業 | F21: 補助対象となる事業形態は、どちらか一方を選択し申請してください。 なお、申請後に事業形態を変更することは不可とします。
E22: 実証事業
A23: 5 | B23: 事業概要・対象分野・事業分野
A24: ５－１. 事業概要 （200文字程度で、事業の目的及び調査の概要を記載してください。） | F24: =+"（参考）"&CHAR(10)&LEN(D24)&"文字入力" -> （参考） 0文字入力
A25: ５－２. 対象分野
A26: 対象分野： （提案事業が該当すると考えられる対象分野について、募集要領P.6を参照し、①～③で最も当てはまるものを選択してください。） | E26: ①ＧＸ分野 | F26: 選択した項目について、下記に当てはまる理由を記載してください。
E27: ②ＤＸ分野
E28: ③経済安保分野
A29: 複数対象： （複数の分野が当てはまる場合、上記の対象分野以外で当てはまるものを選択してください。） | D29: FALSE | E29: ①ＧＸ分野
D30: FALSE | E30: ②ＤＸ分野
D31: FALSE | E31: ③経済安保分野
A32: ①ＧＸ分野が当てはまる理由 | F32: =+"（参考）"&CHAR(10)&LEN(D32)&"文字入力" -> （参考） 0文字入力
A35: ②ＤＸ分野が当てはまる理由 | F35: =+"（参考）"&CHAR(10)&LEN(D35)&"文字入力" -> （参考） 0文字入力
A38: ③経済安保分野が当てはまる理由 | F38: =+"（参考）"&CHAR(10)&LEN(D38)&"文字入力" -> （参考） 0文字入力
A41: 取り扱う特定重要物資名： ※記入する際は右の備考から名称を転記してください。 | F41: 対象の特定重要物資は以下の通り。 半導体、蓄電池、永久磁石、重要鉱物、工作機械・産業用ロボット、航空機・船舶の部品、クラウドプログラム、可燃性天然ガス、抗菌性物質製剤、肥料、先端電子部品、人工呼吸器、無人航空機、人工衛星、ロケットの部品
A42: 特定重要物資のうち「重要鉱物（金属鉱産物）」について応募する場合、その名称を記載してください。 ※記入する際は右の備考から名称を転記してください。 | F42: 対象の重要鉱物（金属鉱産物）は以下の通り。 マンガン、ニッケル、クロム、タングステン、モリブデン、コバルト、ニオブ、タンタル、アンチモン、リチウム、ボロン、チタン、バナジウム、ストロンチウム、希土類金属、白金族、ベリリウム、ガリウム、ゲルマニウム、セレン、ルビジウム、ジルコニウム、インジウム、テルル、セシウム、バリウム、ハフニウム、レニウム、タリウム、ビスマス、グラファイト、フッ素、マグネシウム、シリコン及びリンに限る。
A43: 特定重要物資のうち「重要鉱物（金属鉱産物）」について応募する場合、他の予算事業では実施できない理由を記載してください。 | F43: =+"（参考）"&CHAR(10)&LEN(D43)&"文字入力" -> （参考） 0文字入力
A46: ５－３. 政府の戦略17分野における「主要な製品・技術等」への該当 （提案事業について、政府の戦略17分野のうち、関連する「主要な製品・技術等」を①～⑰から選択してください。 ⑱「その他」は、①～⑰に該当する分野がないことを確認したうえでのみ選択可能とし、選択する場合は該当する技術等を具体的に記載してください。） | D46: FALSE | E46: ①AI・半導体 | F46: 戦略17分野における「主要な製品・技術等」の参考資料：
D47: FALSE | E47: ②デジタル・サイバーセキュリティ | F47: https://www.cas.go.jp/jp/seisaku/nipponseichosenryaku/kaigi/dai3/shiryou1.pdf
D48: FALSE | E48: ③情報通信
D49: FALSE | E49: ④量子
D50: FALSE | E50: ⑤防衛産業
D51: FALSE | E51: ⑥航空・宇宙
D52: FALSE | E52: ⑦海洋
D53: FALSE | E53: ⑧造船
D54: FALSE | E54: ⑨マテリアル（重要鉱物・部素材）
D55: FALSE | E55: ⑩合成生物学・バイオ
D56: FALSE | E56: ⑪創薬・先端医療
D57: FALSE | E57: ⑫資源・エネルギー安全保障・GX
D58: FALSE | E58: ⑬フュージョンエネルギー
D59: FALSE | E59: ⑭フードテック
... D63: FALSE | E63: ⑱その他（以下に分野名を記載してください。）
A65: 6 | B65: 事業類型
A66: 事業類型 （最も当てはまる事業類型を選択してください。） | E66: 類型1：我が国のイノベーション創出につながる共創型 | F66: それぞれについて当てはまる理由も記載してください。
D67: 0 | E67: 類型2：日本の高度技術海外展開型 | F67: 様式２別添１は最も当てはまると思う類型のフォーマットで作成してください。
D68: 0 | E68: 類型3：サプライチェーン強靱化型
A69: 事業類型 （上記以外で該当する事業類型がある場合、チェックしてください。（複数選択可）） | D69: FALSE | E69: 類型1：我が国のイノベーション創出につながる共創型
D70: FALSE | E70: 類型2：日本の高度技術海外展開型
D71: FALSE | E71: 類型3：サプライチェーン強靱化型
A72: 類型1が当てはまる理由 | F72: =+"（参考）"&CHAR(10)&LEN(D72)&"文字入力" -> （参考） 0文字入力
A75: 類型2が当てはまる理由 | F75: =+"（参考）"&CHAR(10)&LEN(D75)&"文字入力" -> （参考） 0文字入力
A78: 類型3が当てはまる理由 | F78: =+"（参考）"&CHAR(10)&LEN(D78)&"文字入力" -> （参考） 0文字入力
A81: 7 | B81: 経済産業省や中央省庁担当課との連携
A82: ７－１. 中央省庁担当課・担当者 | C82: 部署名1 | F82: 経済産業省や他の中央省庁と本事業について既に議論・相談をしている場合は、その部署の名前と担当者、連絡先（メールアドレス）を記載してください。複数の課室を記載いただいても差し支えありません。 経済産業省や中央省庁以外の、独立行政法人や団体の部署名・担当者名・連絡先は記載しないでください。 記載例： 部署名：○○省○○○局○○○課・室 担当者名：GS太郎 連絡先（メールアドレス）：xxxxx@yyy.zzz
C83: 担当者名1
C84: 連絡先1（メールアドレス）
C85: 部署名2
C86: 担当者名2
C87: 連絡先2（メールアドレス）
C88: 部署名3
C89: 担当者名3
C90: 連絡先3（メールアドレス）
C91: 部署名4
C92: 担当者名4
C93: 連絡先4（メールアドレス）
C94: 部署名5
... C96: 連絡先5（メールアドレス）
A97: ７－２. 上記担当課の本事業への評価 | F97: 上記担当課、担当者の評価等のコメントが得られている場合は、簡潔に記載してください。当該項目は、記入が必須ではなく、採点に影響しません。応募者が把握している範囲で記載してください。
A98: 8 | B98: 補助金申請額
A99: 補助金申請額（補助対象経費に補助率をかけた額） | F99: 様式2別添2積算内訳書の金額をそのまま転記してください。 公募申請時点での見込みを記載ください。 （実際の交付申請額は、採択後、事務局と調整した上で決定することとなります） 共同申請の場合は、全体金額の他に企業毎の金額を記載してください。 例） 補助金申請額（共同申請の全体金額）：●●●円 A社（申請者（幹事法人））：●●円 B社（共同申請者１）：●●円 C社（共同申請者２）：●●円 積算については、以下のリンク先に掲載している事務処理マニュアル等の書類を十分に確認した上で、記載してください。
A100: =IF($D$7=0,"",$D$7)
A101: =IF($D$8=0,"",$D$8)
A102: =IF($D$9=0,"",$D$9)
A103: =IF($D$10=0,"",$D$10)
A104: =IF($D$11=0,"",$D$11)
A105: =IF($D$12=0,"",$D$12) | F105: https://www.meti.go.jp/information_2/publicoffer/jimusyori_manual.html
A106: =IF($D$13=0,"",$D$13)
A107: =IF($D$14=0,"",$D$14)
A108: 9 | B108: 採択された場合に公表する事業概要
A109: 採択された場合に公表する事業概要 （採択された場合に経済産業省のホームページ及び特設Webサイト等で公表する「事業概要」につきまして、120文字程度で記載してください。なお、公表までに体裁・内容を調整させていただく場合がございます。） | F109: =+"（参考）"&CHAR(10)&LEN(D109)&"文字入力" -> （参考） 0文字入力
F110: 以下に留意のうえ作成してください。 1）本事業特設サイトの採択結果公表時のリンク先を参照のうえ記載ぶりをご参考ください。
F111: https://r7h-gs-hojo-web-fspoc.jp/assets/files/saitaku/saitakukekka_260630.pdf
F112: 2）文章の主語は「当社は」等にしないでください。 3）個別の商品名、商標名、ブランド名等は避けてください。 4）自社の事業拡大や営業上の優位性を示す表現は記載しないでください。 5）実証事業の場合「研究開発」の表現は記載しないでください。 6）文体は「である調」に統一し、「及び」は「および」に統一してください。 7）国名、略語、用語の表記を統一してください。 8）不要なスペース・改行を削除してください。
A117: ※事業類似性チェックのシートについても漏れなく入力をお願いいたします。 「事業類似性チェック」シートへ

Sheet 事業類似性チェック
A2: 類似性・重複申請に関するチェックシート
D3: =+IF( AND( OR(AND(C6="有",OR(C7="無",AND(C7="有",C8<>""))),C6="無"), OR(AND(C12="有",OR(C13="無",AND(C13="有",C15<>"",C18<>""))),C12="無"), OR(AND(C22="有",OR(C23="無",AND(C23="有",C24<>""))),C22="無"), OR(AND(C28="有",C30<>""),C28="無"), OR(AND(C32="有",C34="記入済"),C32="無"), OR(AND(C36="有",C38<>"",C41<>""),C36="無"), OR(AND(C45="有",C46<>"",C48<>""),C45="無") ),"","未チェックの項目が残っています。") -> 未チェックの項目が残っています。
A4: ※本シートは、「過去の採択案件または類似事業からの高度化・ステップアップ」等を確認するためのチェックシートです。 | D4: 備考 入力時の注意点など
A5: 1 | B5: 同一公募回内での複数申請
A6: １－１． | B6: 今回の公募回（二次公募）で他にも申請している案件がありますか？ | C6: 選択してください | D6: 「有」または「無」を選択してください。
A7: １－２． | B7: 別で申請している案件との間で、「実施内容」の重複はありますか？ | C7: 選択してください | D7: １－１．が「有」の場合に選択してください。
A8: １－３． | B8: 別で申請している案件との重複点を記載してください。 （自由記述）１００～２００文字程度 | D8: 同一事業を分割し複数案件として、それぞれ申請することは認められません。 今回の公募回において、自社（共同申請者含む）から他に申請している案件との間で、実証タスクや場所の重複（実質的な1プロジェクトの分割）がないか確認することを目的としています。
B9: =+"（参考）"&CHAR(10)&LEN(C8)&"文字入力" -> （参考） 0文字入力
A11: 2 | B11: 過去の「グローバルサウス未来志向型共創等事業（以下GS事業）」採択案件との類似性
A12: ２－１． | B12: 今回申請している案件（または類似する案件）は、過去のGS事業で採択された実績がありますか？ | C12: 選択してください | D12: 「有」または「無」を選択してください。
A13: ２－２． | B13: 今回の提案は過去の案件から「技術の高度化」はされていますか？ | C13: 選択してください | D13: ２－１．が「有」の場合に選択してください。
A14: ２－３． | B14: 過去に採択された類似事業と、今回の申請事業を比較し、それぞれの「技術的特徴」および「具体的な差異・高度化のポイント」を記載してください。
B15: ①過去採択された事業の技術的特徴を記載してください。 （自由記述）１００～２００文字程度 | D15: 過去に本補助金事業で採択された案件と「同一の応募」や、過去「実証事業」で採択された案件を「FS事業」としての再応募は認められません。 また、過去の採択事業の実証規模を拡大するだけのスケールアップは「高度化」とは認められません。 「過去案件からの技術的高度化」「実証規模の拡大（国・サイトの追加や、台数を増やすだけのスケールアップ）ではないこと」が判定できるよう過去の採択案件と比較して、以下の観点で明確な差異を記述してください。 ・技術・サービス・検証項目の変化 ・実証環境の変化 ・実証目的の変化
B16: =+"（参考）"&CHAR(10)&LEN(C15)&"文字入力" -> （参考） 0文字入力
B18: ②今回申請する事業における技術的特徴と、過去採択事業との技術的差異を記載してください。 （自由記述）１００～２００文字程度
B19: =+"（参考）"&CHAR(10)&LEN(C18)&"文字入力" -> （参考） 0文字入力
A21: 3 | B21: 過去のGS事業不採択実績
A22: ３－１． | B22: 今回の申請案件（または類似する案件）は、過去の公募において「不採択」となった実績がありますか？ | C22: 選択してください | D22: 「有」または「無」を選択してください。
A23: ３－２． | B23: 今回の提案は過去の案件から「発展や変化（高度化）」はありますか？ | C23: 選択してください | D23: ３－１．が「有」の場合に選択してください。
A24: ３－３． | B24: 今回申請する事業における技術的特徴と、過去不採択となった事業との差異を記載してください。 （自由記述）１００～２００文字程度 | D24: 今回の提案においてどのような「具体的な改善点」が講じられたかを確認することを目的としています。
B25: =+"（参考）"&CHAR(10)&LEN(C24)&"文字入力" -> （参考） 0文字入力
A27: 4 | B27: 過去のGS事業採択後の辞退
A28: ４－１． | B28: 今回の申請案件（または類似する案件）は、過去のGS事業において「採択後の辞退・中止」となった実績がありますか？ | C28: 選択してください | D28: 「有」または「無」を選択してください。
A29: ４－２． | B29: 補足資料として、辞退・中止理由および改善策をまとめた任意の資料を提出してください。 | C29: 補足資料ファイル名 | D29: 過去に採択されながら、採択を辞退・中止した事業について、再度応募する場合には、補足資料として辞退・中止理由と改善策について資料の提出が必要です。
A31: 5 | B31: 他公的機関での実施実績
A32: ５－１． | B32: 過去、「他公的機関（JICA、NEDO、他省庁等）の助成金・委託費」により、本提案と同一または類似の事業を実施した実績がありますか？ | C32: 選択してください | D32: 「有」または「無」を選択してください。
A33: ５－２． | B33: 別紙「他公的機関実績シート」へ記入ください。 | C33: 他公的機関実績シートへ | D33: 日本国政府（独立行政法人等を含む）や地方自治体等が助成する他の制度と、同一または類似の内容で重複して助成を受けること（二重受給）は原則認められません。 他制度の事業と本事業との間で、調査範囲やスコープ、実施タスク等の「境界線」が明確に区分されているかを確認することを目的としています。
C34: {=+IF(AND(C32="有",ISBLANK(他公的機関実績シート!C5:C11)=FALSE,OR(他公的機関実績シート!C9="実施完了",他公的機関実績シート!C9="実施中")),"記入済","他公的機関実績シートに未入力項目があります")} -> 他公的機関実績シートに未入力項目があります
A35: 6 | B35: 自社の自主事業実績
A36: ６－１． | B36: 過去、「自社の自主事業（公的助成なし）」として、本提案と同一または類似する内容の事業を実施した実績がありますか？ | C36: 選択してください | D36: 「有」または「無」を選択してください。
A37: ６－２． | B37: 既に自社資金で実施した自主事業と、今回の申請事業を比較し、それぞれの「技術的特徴」および「具体的な差異・高度化のポイント」を記載してください。
B38: ① 類似事業の技術的特徴を記載してください。 （自由記述）１００～２００文字程度 | D38: 自主事業など当該事業以外（本補助事業以外の業務）と類似する内容の事業と重ねて計上することは認められません。 「調査範囲やスコープ等が過去又は現在の事業と明確に区分されていること」、および「類似した事業との相違点」が判定できるよう以下の観点で明確な差異を記載してください。 ・技術・サービス・検証項目の変化 ・実証環境の変化 ・実証目的の変化
B39: =+"（参考）"&CHAR(10)&LEN(C38)&"文字入力" -> （参考） 0文字入力
B41: ②今回申請する事業の技術的特徴と、類似事業との技術的差異を記載してください。 （自由記述）１００～２００文字程度
B42: =+"（参考）"&CHAR(10)&LEN(C41)&"文字入力" -> （参考） 0文字入力
A44: 7 | B44: 他公的助成との並行申請
A45: ７－１． | B45: 現在、他機関の制度に、本提案と同一または類似する内容で並行して申請中（または申請予定）の事業がありますか？ | C45: 選択してください | D45: 「有」または「無」を選択してください
A46: ７－２． | B46: 申請中（または申請予定）の制度名 | D46: 申請中（または申請予定）の制度が複数ある場合は、全角で／を入れて記載してください。 決定時期も制度名に記載した順で同様に記載してください。
B48: 決定時期
A51: 今回申請事業の技術的特徴が「様式２ー２提案書（提案内容）」にも、整合した内容が具体的に反映されているか、改めてご確認をお願いいたします。

Sheet 他公的機関実績シート
A1: 他公的機関実績シート | C1: 事業類似性チェック へ戻る
A2: 日本国政府（独立行政法人等を含む）や地方自治体等が助成する他の制度と、同一または類似の内容で重複して助成を受けること（二重受給）は原則認められません
A3: 本シートは、他公的機関の事業と、今回申請する本事業との間で、実施内容、スケジュール、予算、および使用する設備が客観的に切り分けられているかを確認し、適正な執行管理を行うことを目的としています
A4: ＃ | B4: 項目 | C4: 記入欄
A5: 1 | B5: ①助成機関・実施制度名 （例：独立行政法人国際協力機構（JICA）〇〇支援事業） | D5: =+IF(AND(事業類似性チェック!$C$32="有",他公的機関実績シート!C5=""),"←入力してください","")
B6: ②事業名称 | D6: =+IF(AND(事業類似性チェック!$C$32="有",他公的機関実績シート!C6=""),"←入力してください","")
B7: ③実施年度 | D7: =+IF(AND(事業類似性チェック!$C$32="有",他公的機関実績シート!C7=""),"←入力してください","")
B8: ④実施国 | D8: =+IF(AND(事業類似性チェック!$C$32="有",他公的機関実績シート!C8=""),"←入力してください","")
B9: ⑤申請時点での実施状況 | C9: 選択してください | D9: =+IF(AND(事業類似性チェック!$C$32="有",NOT(OR(他公的機関実績シート!C9="実施中",他公的機関実績シート!C9="実施完了"))),"←選択してください","")
B10: ⑥事業の概要（事業内容、分野、技術・サービスの具体について、500字程度で記載） | D10: =+IF(AND(事業類似性チェック!$C$32="有",他公的機関実績シート!C10=""),"←入力してください","")
B11: ⑦今回の提案案件との差異 | D11: =+IF(AND(事業類似性チェック!$C$32="有",他公的機関実績シート!C11=""),"←入力してください","")
A12: 2 | B12: ①助成機関・実施制度名 （例：独立行政法人国際協力機構（JICA）〇〇支援事業）
B13: ②事業名称
B14: ③実施年度
B15: ④実施国
B16: ⑤申請時点での実施状況 | C16: 選択してください
B17: ⑥事業の概要（事業内容、分野、技術・サービスの具体について、500字程度で記載）
B18: ⑦今回の提案案件との差異
A19: 3 | B19: ①助成機関・実施制度名 （例：独立行政法人国際協力機構（JICA）〇〇支援事業）
B20: ②事業名称
B21: ③実施年度
B22: ④実施国
B23: ⑤申請時点での実施状況 | C23: 選択してください
B24: ⑥事業の概要（事業内容、分野、技術・サービスの具体について、500字程度で記載）
B25: ⑦今回の提案案件との差異
A26: 4 | B26: ①助成機関・実施制度名 （例：独立行政法人国際協力機構（JICA）〇〇支援事業）
B27: ②事業名称
B28: ③実施年度
B29: ④実施国
B30: ⑤申請時点での実施状況 | C30: 選択してください
B31: ⑥事業の概要（事業内容、分野、技術・サービスの具体について、500字程度で記載）
B32: ⑦今回の提案案件との差異

Sheet 出力
A1: ='様式2-1提案書'!A1 -> （様式２ー１）
A3: 令和７年度補正グローバルサウス未来志向型共創等事業費補助金
A4: （小規模実証・ＦＳ事業：二次公募）提案書
A6: １．法人名
A7: =IF('様式2-1提案書'!D7=0,"",'様式2-1提案書'!D7)
A8: =IF('様式2-1提案書'!D8=0,"",'様式2-1提案書'!D8)
A9: =IF('様式2-1提案書'!D9=0,"",'様式2-1提案書'!D9)
A10: =IF('様式2-1提案書'!D10=0,"",'様式2-1提案書'!D10)
A11: =IF('様式2-1提案書'!D11=0,"",'様式2-1提案書'!D11)
A12: =IF('様式2-1提案書'!D12=0,"",'様式2-1提案書'!D12)
A13: =IF('様式2-1提案書'!D13=0,"",'様式2-1提案書'!D13)
A14: =IF('様式2-1提案書'!D14=0,"",'様式2-1提案書'!D14)
A15: ２．事業名称
A16: =IF('様式2-1提案書'!D16=0,"",'様式2-1提案書'!D16)
A17: ３．事業対象国
A18: =IF('様式2-1提案書'!D18=0,"",'様式2-1提案書'!D18)
A19: ４．事業形態
A20: =IF('様式2-1提案書'!D21=1,"FS事業",IF('様式2-1提案書'!D21=2,"実証事業",""))
A21: ５． 事業概要・対象分野・事業分野
A22: ５－１．事業概要
A23: =IF('様式2-1提案書'!D24=0,"",'様式2-1提案書'!D24)
A24: ５－２. 対象分野
A25: 対象分野： | B25: =IF('様式2-1提案書'!D26=1,"①GX分野",IF('様式2-1提案書'!D26=2,"②DX分野",IF('様式2-1提案書'!D26=3,"③経済安保分野","")))
A27: 複数対象： | B27: =_xlfn.TEXTJOIN("、",TRUE,IF('様式2-1提案書'!D29,"①GX分野",""),IF('様式2-1提案書'!D30,"②DX分野",""),IF('様式2-1提案書'!D31,"③経済安保分野",""))
A29: ①ＧＸ分野
A30: （理由）
A31: =IF('様式2-1提案書'!D32=0,"",'様式2-1提案書'!D32)
A34: ②ＤＸ分野
A35: （理由）
A36: =IF('様式2-1提案書'!D35=0,"",'様式2-1提案書'!D35)
A39: ③経済安保分野
A40: 取り扱う特定重要物資名： | C40: =IF('様式2-1提案書'!D41=0,"",'様式2-1提案書'!D41)
A41: （理由）
A42: =IF('様式2-1提案書'!D38=0,"",'様式2-1提案書'!D38)
A46: 特定重要物資のうち「重要鉱物（金属鉱産物）」について応募する場合
A47: 重要鉱物（金属鉱産物）の名称： | C47: =IF('様式2-1提案書'!D42=0,"",'様式2-1提案書'!D42)
A48: （他の予算事業では実施できない理由）
A49: =IF('様式2-1提案書'!D43=0,"",'様式2-1提案書'!D43)
A53: ５－３．「政府の戦略17分野における「主要な製品・技術等」」への該当
A54: {=_xlfn.TEXTJOIN("、",TRUE,IF('様式2-1提案書'!D46:D63,'様式2-1提案書'!E46:E63,""))}
A55: =IF(AND('様式2-1提案書'!D63=TRUE,'様式2-1提案書'!D64<>""),"その他："&'様式2-1提案書'!D64,"")
A57: ６．事業類型
A58: =IF(OR('様式2-1提案書'!D66=1,'様式2-1提案書'!D69=TRUE),"■","□")&"類型１:我が国のイノベーション創出につながる共創型" -> □類型１:我が国のイノベーション創出につながる共創型
A59: （理由）
A60: =IF('様式2-1提案書'!D72=0,"",'様式2-1提案書'!D72)
A63: =IF(OR('様式2-1提案書'!D66=2,'様式2-1提案書'!D70=TRUE),"■","□")&"類型２：日本の高度技術海外展開型" -> □類型２：日本の高度技術海外展開型
A64: （理由）
A65: =IF('様式2-1提案書'!D75=0,"",'様式2-1提案書'!D75)
A68: =IF(OR('様式2-1提案書'!D66=3,'様式2-1提案書'!D71=TRUE),"■","□")&"類型３：サプライチェーン強靱化型" -> □類型３：サプライチェーン強靱化型
A69: （理由）
A70: =IF('様式2-1提案書'!D78=0,"",'様式2-1提案書'!D78)
A73: ７．経済産業省や中央省庁担当課との連携
A74: ７－１．中央省庁担当課・担当者
A75: =IF('様式2-1提案書'!D82=0,"",'様式2-1提案書'!C82&"："&'様式2-1提案書'!D82)
A76: =IF('様式2-1提案書'!D83=0,"",'様式2-1提案書'!C83&"："&'様式2-1提案書'!D83)
A77: =IF('様式2-1提案書'!D84=0,"",'様式2-1提案書'!C84&"："&'様式2-1提案書'!D84)
A78: =IF('様式2-1提案書'!D85=0,"",'様式2-1提案書'!C85&"："&'様式2-1提案書'!D85)
A79: =IF('様式2-1提案書'!D86=0,"",'様式2-1提案書'!C86&"："&'様式2-1提案書'!D86)
A80: =IF('様式2-1提案書'!D87=0,"",'様式2-1提案書'!C87&"："&'様式2-1提案書'!D87)
A81: =IF('様式2-1提案書'!D88=0,"",'様式2-1提案書'!C88&"："&'様式2-1提案書'!D88)
A82: =IF('様式2-1提案書'!D89=0,"",'様式2-1提案書'!C89&"："&'様式2-1提案書'!D89)
A83: =IF('様式2-1提案書'!D90=0,"",'様式2-1提案書'!C90&"："&'様式2-1提案書'!D90)
A84: =IF('様式2-1提案書'!D91=0,"",'様式2-1提案書'!C91&"："&'様式2-1提案書'!D91)
A85: =IF('様式2-1提案書'!D92=0,"",'様式2-1提案書'!C92&"："&'様式2-1提案書'!D92)
A86: =IF('様式2-1提案書'!D93=0,"",'様式2-1提案書'!C93&"："&'様式2-1提案書'!D93)
... A89: =IF('様式2-1提案書'!D96=0,"",'様式2-1提案書'!C96&"："&'様式2-1提案書'!D96)
A91: ７－２．上記担当課の本事業への評価
A92: =IF('様式2-1提案書'!D97=0,"",'様式2-1提案書'!D97)
A95: ８．補助金申請額
A96: 補助金申請額（補助対象経費に補助率をかけた額）： | E96: =IF('様式2-1提案書'!D99=0,"",'様式2-1提案書'!D99)
A97: =IF('様式2-1提案書'!A100="","",'様式2-1提案書'!A100&"：") | E97: =IF('様式2-1提案書'!D100=0,"",'様式2-1提案書'!D100)
A98: =IF('様式2-1提案書'!A101="","",'様式2-1提案書'!A101&"：") | E98: =IF('様式2-1提案書'!D101=0,"",'様式2-1提案書'!D101)
A99: =IF('様式2-1提案書'!A102="","",'様式2-1提案書'!A102&"：") | E99: =IF('様式2-1提案書'!D102=0,"",'様式2-1提案書'!D102)
A100: =IF('様式2-1提案書'!A103="","",'様式2-1提案書'!A103&"：") | E100: =IF('様式2-1提案書'!D103=0,"",'様式2-1提案書'!D103)
A101: =IF('様式2-1提案書'!A104="","",'様式2-1提案書'!A104&"：") | E101: =IF('様式2-1提案書'!D104=0,"",'様式2-1提案書'!D104)
A102: =IF('様式2-1提案書'!A105="","",'様式2-1提案書'!A105&"：") | E102: =IF('様式2-1提案書'!D105=0,"",'様式2-1提案書'!D105)
A103: =IF('様式2-1提案書'!A106="","",'様式2-1提案書'!A106&"：") | E103: =IF('様式2-1提案書'!D106=0,"",'様式2-1提案書'!D106)
A104: =IF('様式2-1提案書'!A107="","",'様式2-1提案書'!A107&"：") | E104: =IF('様式2-1提案書'!D107=0,"",'様式2-1提案書'!D107)
A105: ９.採択された場合に公表する事業概要
A106: =IF('様式2-1提案書'!D109=0,"",'様式2-1提案書'!D109)
